 Dungeon Crawl Stone Soup version 0.26-a0-651-gb41185065b (webtiles) character file.

Game seed: 4965395638375753063

33 Lanoc the Skirmisher (level 3, 0/51 HPs)
             Began as a Minotaur Delver on Oct 7, 2020.
             Succumbed to an orc's poison
             ... on level 4 of the Dungeon.
             The game lasted 00:00:40 (130 turns).

Lanoc the Skirmisher (Minotaur Delver)               Turns: 130, Time: 00:00:41

Health: 0/51       AC:  3    Str: 16    XL:     3   Next: 12%
Magic:  2/2        EV: 13    Int: 11    God:
Gold:   8          SH:  0    Dex: 12    Spells: 2/2 levels left

rFire    + + +     SeeInvis .   k - +7 spear of Xumec {vorpal, *Noise rF+++ Int+4}
rCold    . . .     Faith    .   (no shield)
rNeg     . . .     Spirit   .   b - +0 leather armour
rPois    .         Reflect  .   (helmet restricted)
rElec    .         Harm     .   (no cloak)
rCorr    .         Rampage  .   (no gloves)
MR       .....                  (no boots)
Stlth    ..........             (no amulet)
HPRegen  0.17/turn              (no ring)
MPRegen  0.08/turn              (no ring)

@: berserking, lethally poisoned (0 -> -12), very quick
A: retaliatory headbutt, horns 2
a: no special abilities


You were on level 4 of the Dungeon.
You visited 1 branch of the dungeon, and saw 2 of its levels.

You collected 8 gold pieces.

Inventory:

Hand Weapons
 k - the +7 spear of Xumec (weapon) {vorpal, *Noise rF+++ Int+4}
   (You found it on level 4 of the Dungeon)

   It inflicts extra damage upon your enemies.
   It affects your intelligence (+4).
   It renders you almost immune to fire.
   It may make noises in combat.
Armour
 a - a +0 plate armour
 b - a +0 leather armour (worn)
Wands
 g - a wand of digging (3)
Scrolls
 c - a scroll of fog
 d - a scroll of magic mapping
 e - a scroll of fear
 h - a scroll of blinking {unknown}
Potions
 f - a potion of haste
 i - a potion of flight {unknown}
 j - a potion of curing {unknown}


   Skills:
 + Level 4.5 Fighting
   Level 2.4 Long Blades
 + Level 3.2 Dodging
 - Level 4.1 Stealth


You had 2 spell levels left.
You didn't know any spells.
Your spell library contained the following spells:

 Spells                   Type           Power        Failure   Level
 Sting                    Tmut/Pois      #...         41%         1
 Poisonous Vapours        Pois/Air       #.....       54%         2
 Ignite Poison            Fire/Tmut/Pois #.......     78%         3
 Mephitic Cloud           Conj/Pois/Air  #.......     78%         3
 Olgreb's Toxic Radiance  Pois           #.......     99%         4


Dungeon Overview and Level Annotations

Branches:
Dungeon (5/15)
 Temple: D:4-7

Altars:


Innate Abilities, Weirdness & Mutations

You reflexively headbutt those who attack you in melee.
You have a pair of horns on your head.


Message History

You feel sick. The orc hits you but does no damage.
You are lethally poisoned!
The orc closely misses you.
You hit the orc.
Your spear of Xumec giggles.
You kill the orc!
* * * LOW HITPOINT WARNING * * *
You feel sick.
The orc hits you from afar with a +0 trident!
* * * LOW HITPOINT WARNING * * *
It was a potion of berserk rage.
A red film seems to cover your vision as you go berserk!
You feel yourself moving faster!
You feel mighty!
* * * LOW HITPOINT WARNING * * *
You feel sick.
The worker ant bites you but does no damage.
The orc misses you.
You hit the worker ant. Your headbutt misses the worker ant.
The worker ant is heavily wounded.
You die...

#.# #.### #######.###.#
#.(.........###
#.#####.##..... #.#
#.##.#### #.# #.##.#
##.#####.##.####
###.#####..#.........(..
.....oa@.....###########
###..o###.#### ### #.#
..) .(#.. ..# #.. .#.
!## ..## ##


You could see a worker ant and 2 orcs.

Vanquished Creatures
  An orc priest (D:4)
  An orc (D:4)
  A giant cockroach (D:4)
  A quokka (D:5)
4 creatures vanquished.

Notes
Turn   | Place    | Note
-------+----------+-------------------------------------------
     0 | D:5      | Lanoc the Minotaur Delver began the quest for the Orb.
     0 | D:5      | Reached XP level 1. HP: 19/19 MP: 0/0
    67 | D:5      | Noticed an ogre
    76 | D:4      | Got a transparent spear
    77 | D:4      | Identified the +7 spear of Xumec {vorpal, *Noise rF+++
                  | Int+4} (You found it on level 4 of the Dungeon)
   117 | D:4      | Noticed an orc priest
   123 | D:4      | Killed an orc priest
   123 | D:4      | Reached XP level 2. HP: 11/28 MP: 1/1
   123 | D:4      | Reached XP level 3. HP: 14/34 MP: 2/2
   128 | D:4      | HP: 1/34 [orc/+0 trident (9)]
   130 | D:4      | Succumbed to an orc's poison

Illustrated notes

Levels and vault maps discovered:
D:4:      layout_loops_ring, serial_shops, nicolae_shop_waterfront,
          nrook_campfire
D:5:      layout_basic, minmay_temple_entry_large_hall, serial_bayou_lagoon_a,
          cheibriados_altar_1

Skill      XL: |  1 |
---------------+----+-----
Fighting       | 4 |  4.5
Dodging        | 3 |  3.2
Long Blades    | |  2.4
Stealth        | |  4.1

Action                   || total
-------------------------++-------
Melee: Spear             ||     9
       Falchion          ||     2
  Use: Potion            ||     1
 Stab: Sleeping          ||     1
Armor: Leather armour    ||     2
Dodge: Dodged            ||     8
       Rpst.: Falchion   ||     1

Table legend: (Time is in decaauts)
 A = Elapsed time spent in this place.
 B = Non-inter-level travel time spent in this place.
 C = Inter-level travel time spent in this place.
 D = Time resting spent in this place.
 E = Time spent auto-exploring this place.
 F = Levels seen in this place.
 G = Mean time per level.
                   A        B        C        D        E       F      G
               +--------+--------+--------+--------+--------+-----+--------+
         Total |    130 |    127 |      3 |      0 |     77 |   2 |   65.0 |
       Dungeon |    130 |    127 |      3 |      0 |     77 |   2 |   65.0 |
               +--------+--------+--------+--------+--------+-----+--------+

Top non-repeatable levels by time:
     D:5: 71 daAuts
     D:4: 59 daAuts
